 Dungeon Crawl Stone Soup version 0.22-a0-307-g2b15929 (webtiles) character file.

1866 Amnesiac the Zephyrmancer (level 9, -10/68 HPs)
             Began as a Barachi Air Elementalist on Apr 1, 2018.
             Mangled by Duvessa
             ... wielding a +2 rapier of freezing
              (13 damage)
             ... on level 5 of the Dungeon.
             The game lasted 00:10:01 (6325 turns).

Amnesiac the Zephyrmancer (BaAE)                    Turns: 6325, Time: 00:10:02

Health: -10/68     AC:  8    Str:  8 (10) XL:     9   Next: 13%
Magic:  17/17      EV: 14    Int: 18 (19) God:
Gold:   345        SH:  0    Dex:  8 (10) Spells: 8/19 levels left

rFire    . . .     SeeInvis .   b - +5 flail (protect)
rCold    . . .     Gourm    .   (no shield)
rNeg     . . .     Faith    .   p - +0 robe
rPois    .         Spirit   .   l - +2 hat
rElec    .         Reflect  .   n - +0 cloak
rCorr    .         Harm     .   k - +2 pair of gloves
MR       .....     Rnd*Tele +   (no boots)
Stlth    ++........             (no amulet)
HPRegen  0.61/turn              (no ring)
MPRegen  0.15/turn              (no ring)

@: sluggish, can't hop, hasted, slow
A: +LOS, swims, talons 1, clumsy 1, regeneration 1, slowness 1, teleportitis 1,
strong legs 1
a: Hop


You were on level 5 of the Dungeon.
You were not hungry.

You visited 2 branches of the dungeon, and saw 6 of its levels.

You collected 345 gold pieces.

Inventory:

Hand Weapons
 a - a +1 dagger of venom
 b - a +5 flail of protection (weapon)
Armour
 d - a +1 pair of boots
 k - a +2 pair of gloves (worn)
 l - a +2 hat (worn)
 n - a +0 cloak (worn)
 p - a +0 robe (worn)
Jewellery
 s - an uncursed ring of protection from magic {unknown}
Scrolls
 g - a scroll of fog {!r}
 i - 2 scrolls of enchant weapon {!r}
 j - 3 scrolls of magic mapping {!r, unknown}
 m - 2 scrolls of teleportation {!r, unknown}
 r - 6 scrolls of identify {!r, unknown}
 t - a scroll of noise {!r, unknown}
 u - a scroll of amnesia {!r, unknown}
 v - 2 scrolls of blinking {!r, unknown}
 x - a scroll of remove curse {!r, unknown}
 y - a scroll of fear {!r, unknown}
Potions
 e - a potion of mutation {!q}
 h - a potion of might {!q}
 o - a potion of lignification {!q, unknown}
 q - a potion of degeneration {!q}
Comestibles
 c - 7 rations


   Skills:
 + Level 5.1 Fighting
 * Level 7.2 Dodging
 - Level 1.7 Stealth
 + Level 5.6 Spellcasting
 - Level 1.1 Conjurations
 - Level 8.1 Air Magic


You had 8 spell levels left.
You knew the following spells:

 Your Spells              Type           Power        Failure   Level  Hunger
a - Shock                 Conj/Air       ###.         1%          1    None
d - Airstrike             Air            ####......   4%          4    ####...
s - Summon Lightning Spi  Summ/Air       ###.....     24%         4    ####...
z - Swiftness             Chrm/Air       ###.....     3%          2    None


Dungeon Overview and Level Annotations

Branches:
Dungeon (5/15)             Temple (1/1) D:4

Altars:
Ashenzari
Elyvilon
Fedhas
Gozag
Kikubaaqudgha
Nemelex Xobeh
Okawaru
Qazlal
Ru
Trog
Uskayaw
Vehumet
Wu Jian
Yredelemnul
Zin
The Shining One

Annotations:
D:5 Duvessa


Innate Abilities, Weirdness & Mutations

Shadows flee at your approach. (+LOS)
You can swim through water.
You cover ground slowly.
You can hop short distances.
You have sharp toenails.
You are clumsy. (Dex -2)
Your natural rate of healing is unusually fast.
You are occasionally teleported next to monsters.


Message History

Duvessa hits you with a rapier of freezing.
* * * LOW HITPOINT WARNING * * *
Duvessa freezes you.
* * * LOW HITPOINT WARNING * * *
Casting: Airstrike (safe; 4% risk of failure)
Confirm with . or Enter, or press ? or * to list all spells.
Aiming: Airstrike (safe; 4% risk of failure)
Press: ? - help, Dir - move target cursor, f/p - Duvessa
Aim: Duvessa, wielding a rapier of freezing and wearing a leather armour (moderately wounded, berserk, fast, unusually strong)
The air twists around and strikes Duvessa!
Duvessa is moderately wounded.
Duvessa hits you with a rapier of freezing!
* * * LOW HITPOINT WARNING * * *
Duvessa freezes you.
* * * LOW HITPOINT WARNING * * *
Casting: Airstrike (safe; 4% risk of failure)
Confirm with . or Enter, or press ? or * to list all spells.
Aiming: Airstrike (safe; 4% risk of failure)
Press: ? - help, Dir - move target cursor, f/p - Duvessa
Aim: Duvessa, wielding a rapier of freezing and wearing a leather armour (moderately wounded, berserk, fast, unusually strong)
The air twists around and strikes Duvessa!
Duvessa is heavily wounded.
Duvessa closely misses you. Duvessa hits you but does no damage.
Casting: Airstrike (safe; 4% risk of failure)
Confirm with . or Enter, or press ? or * to list all spells.
You don't have enough magic to cast that spell.
Casting: Airstrike (safe; 4% risk of failure)
Confirm with . or Enter, or press ? or * to list all spells.
You don't have enough magic to cast that spell.
Really quaff
q - 2 silvery potions {!q}?
It was a potion of degeneration {!q}.
There was something very wrong with that liquid.
You feel weakened.
You feel dopey.
You feel clumsy. Duvessa barely misses you.
Really quaff
e - 2 puce potions {!q}?
It was a potion of mutation {!q}.
You feel extremely strange.
You feel clumsy.
Your toenails lengthen and sharpen.
You feel weirdly uncertain.
You begin to heal more quickly.
You start to feel a little faster.
Duvessa hits you with a rapier of freezing.
* * * LOW HITPOINT WARNING * * *
Duvessa freezes you.
* * * LOW HITPOINT WARNING * * *
Duvessa hits you with a rapier of freezing.
* * * LOW HITPOINT WARNING * * *
Duvessa freezes you.
* * * LOW HITPOINT WARNING * * *
Really quaff
w - a fizzy purple potion {!q}?
It was a potion of curing {!q}.
You feel better.
Duvessa hits you with a rapier of freezing!
* * * LOW HITPOINT WARNING * * *
Duvessa freezes you.
* * * LOW HITPOINT WARNING * * *
Really quaff
z - a ruby potion {!q}?
It was a potion of magic {!q}.
Magic courses through your body.
Duvessa hits you with a rapier of freezing.
* * * LOW HITPOINT WARNING * * *
Duvessa freezes you.
* * * LOW HITPOINT WARNING * * *
Really quaff
f - a murky orange potion {!q}?
It was a potion of haste {!q}.
You feel yourself speed up. Duvessa closely misses you.
Duvessa hits you with a rapier of freezing!
You die...

######## ######
#......# #....#
##'####.# ###....#
#♣...♣##.# #...>..#
#.....##.# #####.###.##
#♣...♣##.#######.....#
#.#
#.....##.......e@.(###
#.#
###_#########.###..#
#.### # ######......#
#..## #...# #
##...###### #...# ###.#
# ##.#####.#####.#.###
#.# ####..#
#.......<...####.######
.....##
########..#............
..####
#................ ..#
#########>).......#####


You could see Duvessa (berserk).

Vanquished Creatures
  The ghost of anet the Magician, a novice GnWz (D:5)
  The ghost of Amnesiac the Gusty, an amateur BaAE (D:3)
  Sigmund (D:3)
  Edmund (D:5)
  A phantom (D:5)
  3 ogres
  Blork the orc (D:5)
  Dowan (D:5)
  A crimson imp (D:4)
  Crazy Yiuf (D:2)
  5 orc priests
  Terence (D:2)
  Jessica (D:2)
  7 orc wizards (D:5)
  A worker ant (D:5)
  A howler monkey skeleton (D:4)
  11 adders
  A shadow imp (D:5)
  An ooze (D:5)
  2 worms
  2 leopard geckos
  24 orcs
  9 bats
  9 giant cockroaches
  12 goblins
  10 hobgoblins
  3 jackals (D:2)
  7 kobolds
  4 quokkas
  A ball python (D:3)
  6 frilled lizards
  7 rats
137 creatures vanquished.

Notes
Turn   | Place    | Note
-------+----------+-------------------------------------------
     0 | D:1      | Amnesiac the Barachi Air Elementalist began the quest for the Orb.
     0 | D:1      | Reached XP level 1. HP: 13/13 MP: 3/3
   182 | D:1      | Reached XP level 2. HP: 19/19 MP: 2/5
   674 | D:1      | Reached skill level 4 in Air Magic
   691 | D:1      | Learned a level 2 spell: Swiftness
   800 | D:1      | Reached XP level 3. HP: 24/24 MP: 2/7
  1189 | D:2      | Noticed Terence
  1264 | D:3      | Noticed Amnesiac's ghost (amateur BaAE)
  1456 | D:2      | Reached XP level 4. HP: 14/30 MP: 3/8
  1465 | D:2      | Learned a level 4 spell: Airstrike
  1769 | D:2      | Noticed Jessica
  1781 | D:2      | Killed Jessica
  1911 | D:2      | Reached skill level 5 in Air Magic
  2423 | D:2      | Reached XP level 5. HP: 35/35 MP: 8/10
  2455 | D:2      | Killed Terence
  2746 | D:2      | Found a runed door.
  2839 | D:2      | Noticed Crazy Yiuf
  2852 | D:2      | Killed Crazy Yiuf
  3305 | D:3      | Reached skill level 6 in Air Magic
  3440 | D:3      | Reached XP level 6. HP: 41/41 MP: 2/12
  3632 | D:3      | Killed Amnesiac's ghost
  3632 | D:3      | Reached skill level 7 in Air Magic
  3710 | D:3      | Reached XP level 7. HP: 46/46 MP: 8/13
  3825 | D:3      | Learned a level 4 spell: Summon Lightning Spire
  3873 | D:3      | Noticed Sigmund
  3877 | D:3      | Killed Sigmund
  4116 | D:4      | Reached skill level 5 in Spellcasting
  4155 | D:4      | Reached skill level 8 in Air Magic
  4331 | D:4      | Found a sparkling altar of Nemelex Xobeh.
  4398 | D:4      | Reached skill level 1 in Fighting
  4492 | D:4      | Found a staircase to the Ecumenical Temple.
  4700 | Temple   | Entered the Ecumenical Temple
  4717 | D:5      | Entered Level 5 of the Dungeon
  4720 | D:5      | Reached XP level 8. HP: 56/56 MP: 2/15
  4937 | D:5      | Noticed anet's ghost (novice GnWz)
  5023 | D:5      | Killed anet's ghost
  5023 | D:5      | Reached skill level 5 in Dodging
  5356 | D:5      | Noticed Edmund
  5442 | D:5      | Killed Edmund
  5516 | D:5      | Noticed Blork the orc
  5519 | D:5      | Noticed Dowan
  5587 | D:5      | Killed Blork the orc
  5675 | D:5      | Killed Dowan
  5675 | D:5      | Reached XP level 9. HP: 67/67 MP: 4/17
  5787 | D:5      | Reached skill level 5 in Fighting
  5808 | D:5      | Noticed Duvessa
  6273 | D:5      | Found a glowing golden altar of the Shining One.
  6322 | D:5      | Gained mutation: You are clumsy. (Dex -2) [potion of mutation]
  6322 | D:5      | Gained mutation: You have sharp toenails. [potion of mutation]
  6322 | D:5      | Gained mutation: You are occasionally teleported next to monsters. [potion of mutation]
  6322 | D:5      | Gained mutation: Your natural rate of healing is unusually fast. [potion of mutation]
  6324 | D:5      | HP: 3/68 [Duvessa/rapier of freezing (2)]
  6325 | D:5      | Mangled by Duvessa

Vault maps used:
D:1:      scummos_arrival_simple_fountains
D:2:      minmay_pentomino_r4, uniq_terence, uniq_crazy_yiuf_cottage,
          uniq_jessica
D:3:      uniq_sigmund
D:4:      minmay_temple_entry_glassed_door, nemelex_xobeh_ov_fountains_minmay
D:5:      tso_altar, first_ration, uniq_edmund, uniq_duvessa, uniq_blork_the_orc
Temple:   minmay_freezing_vapour_temple

Skill      XL: |  1  2  3  4  5  6  7  8  9 |
---------------+----------------------------+-----
Air Magic      | 4 5 6 7 8 |  8.1
Spellcasting   | 3 4 5 |  5.6
Fighting       | 2 4 5 |  5.1
Dodging        | 3 6 7 |  7.2
Stealth        | |  1.7
Conjurations   | |  1.1

Action                   |  1- 3 |  4- 6 |  7- 9 || total
-------------------------+-------+-------+-------++-------
Melee: Unarmed           |     9 |     2 |       ||    11
       Flail             |       |     7 |    92 ||    99
 Cast: Shock             |    80 |   118 |    17 ||   215
       Airstrike         |       |     3 |    59 ||    62
       Summon Lightning  |       |       |     1 ||     1
       Swiftness         |       |       |     1 ||     1
 Abil: Hop               |     1 |     1 |     1 ||     3
  Use: Scroll            |       |     2 |       ||     2
       Potion            |       |     1 |     5 ||     6
  Eat: Chunk             |     2 |     9 |    15 ||    26
       Ration            |       |       |     1 ||     1
Armor: Robe              |     3 |     8 |    46 ||    57
Dodge: Dodged            |    14 |     9 |    90 ||   113

Table legend:
 A = Spawn XP
 B = Non-spawn XP
 C = Spawn XP percentage of total XP
 D = Spawn monster count
 E = Non-spawn monster count
 F = Spawn count percentage of total count
 G = Total turns spent on level
                    A         B        C        D         E        F      G
               +---------+---------+-------+---------+---------+-------+---------
         Total |       0 |    2666 |   0.0 |       0 |     137 |   0.0 |  6325
               +---------+---------+-------+---------+---------+-------+---------
           D:1 |       0 |      34 |   0.0 |       0 |      22 |   0.0 |  1147
           D:2 |       0 |     230 |   0.0 |       0 |      34 |   0.0 |  1928
           D:3 |       0 |     578 |   0.0 |       0 |      35 |   0.0 |   987
           D:4 |       0 |     386 |   0.0 |       0 |      16 |   0.0 |  1299
           D:5 |       0 |    1438 |   0.0 |       0 |      30 |   0.0 |   962
               +---------+---------+-------+---------+---------+-------+---------
